 Dungeon Crawl Stone Soup version 0.30-a0-459-g9104f0fc43 (webtiles) character file.

Game seed: 11562445052053216385

58 funkygono the Firebug (level 3, -6/24 HPs)
             Began as a Demonspawn Fire Elementalist on Dec 15, 2022.
             Mangled by an orc priest
             ... wielding a +0 flail
              (7 damage)
             ... on level 3 of the Dungeon.
             The game lasted 00:03:52 (2594 turns).

funkygono the Firebug (DsFE)                        Turns: 2594, Time: 00:03:53

Health: -6/24      AC:  5    Str:  8    XL:     3   Next: 76%
Magic:  7/7        EV: 12    Int: 18    God:
Gold:   131        SH:  0    Dex: 13    Spells: 1/7 levels left

rFire   . . .      SeeInvis .    g - +2 whip (vamp)
rCold   . . .      Faith    .    (no shield)
rNeg    . . .      Spirit   .    a - +0 robe
rPois   .          Reflect  .    d - +1 helmet
rElec   .          Harm     .    (no cloak)
rCorr   .          Rampage  .    (no gloves)
Will    .....                    f - +0 pair of boots
Stlth   ++........               (no amulet)
HPRegen 0.24/turn                (no ring)
MPRegen 0.10/turn                (no ring)

@: very slightly contaminated
A: hooves 1, sturdy frame 1
a: no special abilities


You were on level 3 of the Dungeon.
You visited 1 branch of the dungeon, and saw 3 of its levels.

You collected 131 gold pieces.

Inventory:

Hand Weapons
 g - a +2 vampiric whip (weapon)
 q - a +0 whip
Armour
 a - a +0 robe (worn)
 d - a +1 helmet (worn)
 f - a +0 pair of boots (worn)
 k - a +0 leather armour
Magical Staves
 j - a staff of conjuration
Scrolls
 c - a scroll of poison
 i - a scroll of fog
 l - a scroll of teleportation {unknown}
Potions
 e - a potion of ambrosia
 h - 2 potions of brilliance {unknown}
 m - a potion of might {unknown}
 n - a potion of curing {unknown}


   Skills:
 + Level 1.9 Dodging
 - Level 1.7 Stealth
 + Level 2.7 Spellcasting
 + Level 1.6 Conjurations
 + Level 3.5 Fire Magic


You had one spell level left.
You knew the following spells:

 Your Spells              Type           Power      Damage    Failure   Level
a - Foxfire               Conj/Fire      44%        2x1d6     6%          1
b - Scorch                Fire           30%        2d6       6%          2
c - Kindle Blastsparks    Fire/Tloc/Air  12%        2d11      30%         3

Your spell library contained the following spells:

 Spells                   Type           Power      Damage    Failure   Level
 Slow                     Hex            8%         N/A       17%         1
 Momentum Strike          Conj/Tloc      10%        3d8       19%         2
 Inner Flame              Hex/Fire       8%         N/A       24%         3
 Blink                    Tloc           4%         N/A       26%         2
 Confusing Touch          Hex            2%         N/A       45%         3
 Lesser Beckoning         Tloc           4%         N/A       45%         3
 Vampiric Draining        Necr           2%         2d6       45%         3
 Flame Wave               Conj/Fire      11%        2d6       50%         4


Dungeon Overview and Level Annotations

Branches:
Dungeon (3/15)

Altars:


Innate Abilities, Weirdness & Mutations

You have large cloven feet.
Your movements are slightly less encumbered by armour. (ER -2)


Message History

Casting: Foxfire (safe; 6% risk of failure)
Confirm with . or Enter, or press ? or * to list all spells.
You conjure some foxfire!
Casting: Foxfire (safe; 6% risk of failure)
Confirm with . or Enter, or press ? or * to list all spells.
You conjure some foxfire!
The foxfire hits the orc priest but does no damage.
The orc priest is moderately wounded.
The foxfire hits the orc priest but does no damage.
The orc priest is moderately wounded.
Your foxfire dissipates! x2
Casting: Foxfire (safe; 6% risk of failure)
Confirm with . or Enter, or press ? or * to list all spells.
Flames lash the orc priest.
The orc priest is heavily wounded.
The orc priest's fire resistance burns away.
The foxfire hits the orc priest but does no damage.
The orc priest is heavily wounded.
The foxfire hits the orc priest but does no damage.
The orc priest is heavily wounded.
You hit the orc priest.
The orc priest is almost dead.
The orc priest hits you with a +0 flail.
Casting: Scorch (safe; 6% risk of failure)
Confirm with . or Enter, or press ? or * to list all spells.
You miscast Foxfire.
You are very lightly contaminated with residual magic.
Nothing appears to happen.
The orc priest mumbles some strange prayers to Beogh against you.
Beogh smites you!
Ouch! That really hurt!
* * * LOW HITPOINT WARNING * * *
You hit the orc priest but do no damage.
The orc priest is almost dead.
The orc priest hits you with a +0 flail.
* * * LOW HITPOINT WARNING * * *
Magic courses through your body.
The orc priest is no longer more vulnerable to fire.
The orc priest hits you with a +0 flail!
You die...

.r.....<.....#
oo...........# ##. #.#
.. #.# #. #.# #. #.
#o######## #. #.
#r#......# #. #.
#######o#.####.#.#.####.
#......@..####.#.#......
#...........##.#.......#
#........##.##.#.....#.#
#........##.##.#.##.#.>#
#........##.##.#.##.##.#
#........##.##.#........
#######.###.##.#.##†....
#.# #.##.#........ #.
..#...........


You could see an orc priest, an orc and a rat.

Vanquished Creatures
  A gnoll (D:1)
  An adder (D:2)
  4 endoplasms
  A giant cockroach (D:1)
  6 goblins
  3 hobgoblins
  2 jackals (D:1)
  3 ball pythons
  5 bats
  3 frilled lizards (D:1)
  4 kobolds
  4 rats
37 creatures vanquished.

Vanquished Creatures (others)
  95 foxfires
  2 plants (D:3)
97 creatures vanquished.

Grand Total: 134 creatures vanquished

Notes
Turn   | Place    | Note
-------+----------+-------------------------------------------
     0 | D:1      | funkygono the Demonspawn Fire Elementalist began the quest
                  | for the Orb.
     0 | D:1      | Reached XP level 1. HP: 13/13 MP: 3/3
   177 | D:1      | Reached skill level 3 in Fire Magic
   438 | D:1      | Gained mutation: Your movements are slightly less
                  | encumbered by armour. (ER -2) [demonic ancestry]
   438 | D:1      | Reached XP level 2. HP: 19/19 MP: 0/5
   515 | D:1      | Learned a level 2 spell: Scorch
   806 | D:1      | Gained mutation: You have large cloven feet. [demonic
                  | ancestry]
   806 | D:1      | Reached XP level 3. HP: 24/24 MP: 3/6
  1514 | D:1      | Learned a level 3 spell: Kindle Blastsparks
  2593 | D:3      | HP: 1/24 [orc priest/+0 flail (1)]
  2594 | D:3      | Mangled by an orc priest

Illustrated notes

Levels and vault maps discovered:
D:1:      dpeg_arrival_rooms_a, layout_basic
D:2:      layout_loops_ring
D:3:      layout_basic, serial_bayou_ford_a

Skill      XL: |  1 |
---------------+----+-----
Fire Magic     | 3 |  3.5
Dodging        | |  1.9
Stealth        | |  1.7
Spellcasting   | |  2.7
Conjurations   | |  1.6

Action                   || total
-------------------------++-------
Melee: Whip              ||    12
 Cast: Foxfire           ||    58
       Scorch            ||    11
  Use: Scroll            ||     9
       Potion            ||     1
Armor: Robe              ||     4
Dodge: Dodged            ||    19

Table legend: (Time is in decaauts)
 A = Elapsed time spent in this place.
 B = Non-inter-level travel time spent in this place.
 C = Inter-level travel time spent in this place.
 D = Time resting spent in this place.
 E = Time spent auto-exploring this place.
 F = Levels seen in this place.
 G = Mean time per level.
                   A        B        C        D        E       F      G
               +--------+--------+--------+--------+--------+-----+--------+
         Total |   2593 |   2506 |     87 |    173 |   2016 |   3 |  864.3 |
       Dungeon |   2593 |   2506 |     87 |    173 |   2016 |   3 |  864.3 |
               +--------+--------+--------+--------+--------+-----+--------+

Top non-repeatable levels by time:
     D:1: 1538 daAuts
     D:2: 917 daAuts
     D:3: 138 daAuts
